 Dungeon Crawl Stone Soup version 0.27-a0-1301-g128193abf8 (webtiles) character file.

Game seed: 16902919902399254263

1257 Delamore the Spear-Bearer (level 8, -10/62 HPs)
             Began as a Formicid Fighter on June 16, 2021.
             Was an Initiate of Gozag.
             Mangled by an ogre (22 damage)
             ... on level 5 of the Dungeon.
             The game lasted 00:06:47 (5068 turns).

Delamore the Spear-Bearer (Formicid Fighter)        Turns: 5068, Time: 00:06:48

Health: -10/62     AC:  9    Str: 23    XL:     8   Next: 81%
Magic:  8/8        EV:  8    Int:  8    God:    Gozag
Gold:   258        SH: 14    Dex: 10    Spells: 7/7 levels left

rFire    . . .     SeeInvis +   a - +1 trident
rCold    . . .     Faith    .   c - +0 kite shield
rNeg     . . .     Spirit   .   b - +0 scale mail
rPois    .         Reflect  +   (helmet unavailable)
rElec    .         Harm     .   h - +0 cloak
rCorr    .         Rampage  .   g - +0 pair of gloves of Focus {Will++}
Will     ++...                  (no boots)
Stlth    ..........             e - amulet of reflection
HPRegen  0.20/turn              (no ring)
MPRegen  0.11/turn              (no ring)

@: no status effects
A: permanent stasis, dig shafts and tunnels, antennae 3, four strong arms
a: Dig, Shaft Self, Renounce Religion, Potion Petition, Call Merchant, Bribe
Branch


You were on level 5 of the Dungeon.
You worshipped Gozag.
Gozag was aware of your devotion.
You visited 2 branches of the dungeon, and saw 7 of its levels.

You collected 319 gold pieces.
You paid 61 gold pieces to Gozag.

Inventory:

Hand Weapons
 a - a +1 trident (weapon)
 m - a +2 dagger of venom
Missiles
 p - 6 poisoned darts (quivered)
Armour
 b - a +0 scale mail (worn)
 c - a +0 kite shield (worn)
 g - the +0 pair of gloves of Focus (worn) {Will++}
   (You acquired it on level 2 of the Dungeon)

   It greatly increases your willpower.
 h - a +0 cloak (worn)
Jewellery
 e - an amulet of reflection (around neck)
 n - the ring "Cenuv" {*Slow rPois rC+ rN+ Will+}
   (You found it on level 4 of the Dungeon)

   [ring of poison resistance]

   It protects you from cold.
   It protects you from poison.
   It protects you from negative energy.
   It may slow you when you take damage.
   It increases your willpower.
 o - a ring of see invisible
Wands
 f - a wand of flame (11)
Scrolls
 k - a scroll of fear
 s - a scroll of identify
Potions
 d - 3 potions of brilliance
 i - a potion of attraction
 j - 4 potions of curing
 l - a potion of cancellation
 q - a potion of mutation
 r - a potion of flight


   Skills:
 - Level 5.0 Fighting
 * Level 9.1 Polearms
 - Level 3.2 Armour
 - Level 3.6 Shields
 - Level 3.0 Evocations


You had 7 spell levels left.
You didn't know any spells.
Your spell library contained the following spells:

 Spells                   Type           Power      Damage    Failure   Level
 Corona                   Hex            0%         N/A       98%         1
 Ensorcelled Hibernation  Hex/Ice        0%         N/A       99%         2
 Confusing Touch          Hex            0%         N/A       100%        3
 Dazzling Flash           Conj/Hex       0%         N/A       100%        3
 Tukima's Dance           Hex            0%         N/A       100%        3


Dungeon Overview and Level Annotations

Branches:
Dungeon (6/15)             Temple (1/1) D:4

Altars:
Ashenzari
Cheibriados
Dithmenos
Elyvilon
Fedhas
Gozag
Hepliaklqana
Makhleb
Nemelex Xobeh
Okawaru
Qazlal
Ru
Sif Muna
Trog
Uskayaw
Vehumet
Wu Jian
Xom
Yredelemnul
Zin
The Shining One

Shops:
D:3 (


Innate Abilities, Weirdness & Mutations

You cannot be hasted, slowed, berserked, paralysed or teleported.
You can dig through walls and to a lower floor.
You have a pair of large antennae on your head. (SInv)
Your four strong arms can wield two-handed weapons with a shield.


Message History

You puncture the gnoll!
You kill the gnoll!
You now have 258 gold pieces (gained 54).
Items here: )))).
Okay, then.
You start resting.
An ogre comes into view. It is wielding a +0 giant club.
An ogre is nearby!
An ogre is nearby!
You throw a poisoned dart. The poisoned dart hits the ogre.
The ogre is poisoned.
You throw a poisoned dart. The poisoned dart hits the ogre.
The ogre looks even sicker.
The ogre is lightly wounded.
No target in view!
You throw a poisoned dart.
The poisoned dart barely misses the ogre.
You throw a poisoned dart. The poisoned dart hits the ogre.
The ogre looks even sicker.
The ogre is lightly wounded.
Aiming: Throw Flame
Press: ? - help, Shift-Dir - straight line, f/p - ogre
Aim: an ogre, wielding a +0 giant club (lightly wounded, very poisoned, 86% to hit)
The puff of flame hits the ogre.
The ogre is moderately wounded.
Your shield and scale mail prevent you from hitting the ogre.
The ogre is moderately wounded.
The ogre hits you with a +0 giant club!
You hit the ogre.
The ogre is severely wounded.
The ogre hits you with a +0 giant club!
* * * LOW HITPOINT WARNING * * *
Aiming: Throw Flame
Press: ? - help, Shift-Dir - straight line, f/p - ogre
Aim: an ogre, wielding a +0 giant club (severely wounded, very poisoned, 86% to hit)
The puff of flame hits the ogre.
The ogre is severely wounded.
The ogre hits you with a +0 giant club!!
You die...
Your body crumbles into a pile of gold.

### #@##
#########O#
#........##
#########.######.#
......<...# #(#
########### #.#
......(..#
#######(.# #(.#


You could see an ogre (very poisoned).

Vanquished Creatures
  Edmund (D:6)
  Duvessa (D:4)
  A black bear (D:6)
  An ogre (D:3)
  2 sky beasts
  A phantom (D:5)
  A scorpion (D:6)
  Dowan (D:4)
  A wyvern skeleton (D:6)
  2 hounds
  A jelly (D:5)
  An orc priest (D:4)
  Crazy Yiuf (D:2)
  An iguana (D:4)
  An orc wizard (D:4)
  4 gnolls (D:5)
  7 adders
  2 ufetubi
  2 adder skeletons (D:4)
  A worm (D:4)
  2 dart slugs
  8 orcs
  7 endoplasms
  3 giant cockroaches
  6 goblins
  8 hobgoblins
  2 jackals (D:4)
  3 quokkas
  9 ball pythons
  5 bats
  2 frilled lizards
  12 kobolds
  4 rats
104 creatures vanquished.

Vanquished Creatures (others)
  An orc wizard (D:4)
1 creature vanquished.

Grand Total: 105 creatures vanquished

Notes
Turn   | Place    | Note
-------+----------+-------------------------------------------
     0 | D:1      | Delamore the Formicid Fighter began the quest for the Orb.
     0 | D:1      | Reached XP level 1. HP: 18/18 MP: 1/1
    62 | D:1      | Reached XP level 2. HP: 24/24 MP: 2/2
   316 | D:1      | Reached XP level 3. HP: 30/30 MP: 3/3
   411 | D:1      | Found a faded altar of an unknown god.
   473 | D:1      | Reached skill level 3 in Polearms
  1066 | D:2      | Reached XP level 4. HP: 11/37 MP: 4/4
  1312 | D:2      | Identified a scroll of acquirement
  1312 | D:2      | Acquired the +0 pair of gloves of Focus {Will++}
  1665 | D:2      | Found a runed translucent door.
  1666 | D:2      | Noticed Crazy Yiuf
  1781 | D:2      | Killed Crazy Yiuf
  1782 | D:2      | Reached skill level 1 in Evocations
  2030 | D:3      | You fall into a shaft and drop 3 floors!
  2051 | D:6      | Reached skill level 4 in Polearms
  2051 | D:6      | Reached XP level 5. HP: 34/43 MP: 5/5
  2165 | D:6      | Noticed a black bear
  2175 | D:6      | Killed a black bear
  2176 | D:6      | Reached XP level 6. HP: 49/49 MP: 6/6
  2188 | D:6      | Reached skill level 5 in Polearms
  2249 | D:6      | Noticed Edmund
  2249 | D:6      | Noticed a sky beast
  2270 | D:6      | Killed Edmund
  2271 | D:6      | Reached skill level 5 in Fighting
  2271 | D:6      | Reached XP level 7. HP: 19/55 MP: 7/7
  2280 | D:6      | Reached skill level 6 in Polearms
  2626 | D:5      | Entered Level 5 of the Dungeon
  2933 | D:4      | Identified the ring "Cenuv" {*Slow rPois rC+ rN+ Will+}
  3070 | D:4      | Noticed Duvessa
  3070 | D:4      | Noticed Dowan
  3087 | D:4      | Killed Duvessa
  3088 | D:4      | Reached skill level 7 in Polearms
  3088 | D:4      | Reached XP level 8. HP: 54/62 MP: 8/8
  3096 | D:4      | Killed Dowan
  3532 | D:3      | Found Xoplovei's Weapon Shoppe.
  4067 | D:4      | Found a staircase to the Ecumenical Temple.
  4079 | D:4      | Reached skill level 8 in Polearms
  4109 | Temple   | Entered the Ecumenical Temple
  4162 | Temple   | Became a worshipper of Gozag Ym Sagoz the Greedy
  4981 | D:5      | Reached skill level 9 in Polearms
  5068 | D:5      | Mangled by an ogre

Illustrated notes

Levels and vault maps discovered:
D:1:      lemuel_arrival_river_ford, layout_rooms,
          shapermc_ecumenical_altar_mp_urbaneastern
D:2:      minmay_skewed_foursquare, layout_rooms, uniq_crazy_yiuf_cottage
D:3:      layout_loops_cross, serial_shops, shop_statue
D:4:      kennysheep_big_flooded_room, layout_loops_cross,
          minmay_temple_entry_antechambers, uniq_duvessa
D:5:      layout_loops_ring
D:6:      layout_basic, uniq_edmund
Temple:   kilobyte_greek_temple

Skill      XL: |  1  2  3  4  5  6  7  8 |
---------------+-------------------------+-----
Polearms       | 3 4 5 7 9 |  9.1
Fighting       | 4 5 |  5.0
Evocations     | 1 2 3 |  3.0
Armour         | |  3.2
Shields        | |  3.6

Action                   |  1- 3 |  4- 6 |  7- 9 || total
-------------------------+-------+-------+-------++-------
Melee: Trident           |   121 |    68 |   217 ||   406
Throw: Dart              |       |       |    14 ||    14
 Abil: Dig               |       |     1 |     3 ||     4
Evoke: Wand              |     2 |    10 |    20 ||    32
  Use: Scroll            |     5 |     2 |     9 ||    16
       Potion            |       |     1 |       ||     1
 Stab: Paralysed         |       |       |    12 ||    12
Armor: Scale mail        |    39 |    13 |    58 ||   110
Dodge: Dodged            |    48 |     9 |    46 ||   103
Block: Kite shield       |    74 |    43 |   147 ||   264
       Reflection        |     4 |       |     3 ||     7

Table legend: (Time is in decaauts)
 A = Elapsed time spent in this place.
 B = Non-inter-level travel time spent in this place.
 C = Inter-level travel time spent in this place.
 D = Time resting spent in this place.
 E = Time spent auto-exploring this place.
 F = Levels seen in this place.
 G = Mean time per level.
                   A        B        C        D        E       F      G
               +--------+--------+--------+--------+--------+-----+--------+
         Total |   5161 |   4947 |    214 |   1131 |   2923 |   7 |  737.3 |
       Dungeon |   5071 |   4892 |    179 |   1131 |   2878 |   6 |  845.2 |
        Temple |     89 |     54 |     35 |      0 |     45 |   1 |   89.0 |
               +--------+--------+--------+--------+--------+-----+--------+

Top non-repeatable levels by time:
     D:2: 1428 daAuts
     D:4: 1306 daAuts
     D:3: 777 daAuts
     D:1: 649 daAuts
     D:6: 606 daAuts
     D:5: 303 daAuts
  Temple: 89 daAuts
